 Dungeon Crawl Stone Soup version 0.24.0-29-g8ce449bc06 (webtiles) character file.

Game seed: 13505681498728282939, levelgen mode: deterministic

42 H0rd4k the Magician (level 3, 0/19 HPs)
             Began as a Deep Elf Wizard on Nov 15, 2019.
             Slain by a rat (1 damage)
             ... on level 3 of the Dungeon.
             The game lasted 00:02:42 (1150 turns).

H0rd4k the Magician (Deep Elf Wizard)               Turns: 1150, Time: 00:02:43

Health: 0/19       AC:  2    Str:  4    XL:     3   Next: 33%
Magic:  12/12      EV: 13    Int: 23    God:
Gold:   52         SH:  0    Dex: 13    Spells: 12/13 levels left

rFire    . . .     SeeInvis .   (no weapon)
rCold    . . .     Gourm    .   (no shield)
rNeg     + . .     Faith    .   a - +0 robe
rPois    .         Spirit   .   b - +0 hat
rElec    .         Reflect  .   (no cloak)
rCorr    .         Harm     .   (no gloves)
MR       .....                  (no boots)
Stlth    ++........             (no amulet)
HPRegen  0.06/turn              i - ring of positive energy
MPRegen  0.13/turn              (no ring)

@: no status effects
A: no striking features
a: no special abilities


You were on level 3 of the Dungeon.
You were hungry.

You visited 1 branch of the dungeon, and saw 3 of its levels.

You collected 52 gold pieces.

Inventory:

Armour
 a - a +0 robe (worn)
 b - a +0 hat (worn)
Jewellery
 i - a ring of positive energy (left hand)
Scrolls
 f - 4 scrolls of teleportation {unknown}
 g - 4 scrolls of identify {unknown}
 h - a scroll of enchant armour {unknown}
 m - a scroll of immolation {unknown}
Potions
 c - 2 potions of curing {unknown}
 e - a potion of might {unknown}
 j - a potion of cancellation {unknown}
 k - 2 potions of flight {unknown}
 l - a potion of lignification {unknown}
 n - a potion of haste {unknown}
Comestibles
 d - 4 rations


   Skills:
 + Level 2.6 Dodging
 + Level 2.6 Stealth
 + Level 5.6 Spellcasting
 + Level 2.0 Conjurations
   Level 1.1 Summonings
   Level 1.1 Translocations


You had 12 spell levels left.
You knew the following spells:

 Your Spells              Type           Power        Failure   Level  Hunger
a - Magic Dart            Conj           ###.         4%          1    None

Your spell library contained the following spells:

 Spells                   Type           Power        Failure   Level  Hunger
 Blink                    Tloc           N/A          9%          2    None
 Call Imp                 Summ           ##......     9%          2    None
 Slow                     Hex            #.......     14%         2    None
 Conjure Flame            Conj/Fire      ##......     19%         3    ##.....
 Mephitic Cloud           Conj/Pois/Air  #.......     21%         3    ##.....


Dungeon Overview and Level Annotations

Branches:
Dungeon (3/15)

Altars:
Makhleb
Vehumet

Annotations:
D:2 Terence
D:3 exclusion: upstairs


Message History

You are feeling hungry.
You open the door.
An adder and a worker ant come into view.
The adder hisses angrily.
A kobold comes into view.
Found a short sword and a ration.
A rat and a dart slug come into view.
The kobold shouts!
There is an open door here.
The adder barely misses you. The adder closely misses you. The kobold hits you.
* * * LOW HITPOINT WARNING * * *
The adder misses you.
A kobold comes into view. It is wielding a -1 whip.
The rat barely misses you. The rat bites you.
* * * LOW HITPOINT WARNING * * *
The kobold shouts!
The rat bites you.
You die...

. # .......#.# #
....K..#.. # ......#.#
# .....#.# # #.....###
# #.......
############.....###..#
...<......##....@.....#
######.##.##..Sr#####.#
# #..##(##..oK# #
#####.($..##....#####.#
...o...#.###...o.......
#.###....# ####........
#.###.#########o.......
.........o.o..r........
#.....#########....)...


You could see an adder, 3 orcs, 2 kobolds and 2 rats.

Vanquished Creatures
  An adder (D:3)
  An ooze (D:3)
  A dart slug (D:1)
  3 leopard geckos
  A ball python (D:1)
  2 bats (D:1)
  A giant cockroach (D:1)
  A goblin (D:2)
  3 hobgoblins
  A quokka (D:2)
  A frilled lizard (D:1)
  3 kobolds
  4 rats
23 creatures vanquished.

Notes
Turn   | Place    | Note
-------+----------+-------------------------------------------
     0 | D:1      | H0rd4k the Deep Elf Wizard began the quest for the Orb.
     0 | D:1      | Reached XP level 1. HP: 10/10 MP: 7/7
   161 | D:1      | Reached skill level 5 in Spellcasting
   177 | D:1      | Reached XP level 2. HP: 15/15 MP: 0/10
   894 | D:2      | Found a radiant altar of Vehumet.
   894 | D:2      | Found a burning altar of Makhleb.
   898 | D:2      | Noticed Terence
  1040 | D:3      | Reached XP level 3. HP: 17/19 MP: 2/12
  1150 | D:3      | Slain by a rat

Levels and vault maps discovered:
D:1:      minmay_arrival_glassed_features, layout_loops_cross
D:2:      layout_basic, chequers_temple_overflow_statue_of_worship, uniq_terence
D:3:      layout_basic, fedhas_altar_fruit_tree

Skill      XL: |  1  2  3 |
---------------+----------+-----
Spellcasting   | 5 |  5.6
Conjurations   | 2 |  2.0
Dodging        | |  2.6
Stealth        | |  2.6
Summonings     | |  1.1
Translocations | |  1.1

Action                   || total
-------------------------++-------
 Cast: Magic Dart        ||    61
Armor: Robe              ||     5
Dodge: Dodged            ||    24
